 Dungeon Crawl Stone Soup version 0.24-a0-458-gfcb5e6da0e (webtiles) character file.

Game seed: 314430007165603324

43 pk666 the Magician (level 3, -1/19 HPs)
             Began as a Deep Elf Wizard on June 27, 2019.
             Slain by an adder (2 damage)
             ... on level 2 of the Dungeon.
             The game lasted 00:02:18 (1247 turns).

pk666 the Magician (Deep Elf Wizard)                Turns: 1247, Time: 00:02:19

Health: -1/19      AC:  2    Str:  4    XL:     3   Next: 37%
Magic:  10/11      EV: 13    Int: 23    God:
Gold:   33         SH:  0    Dex: 13    Spells: 3/12 levels left

rFire    . . .     SeeInvis .   (no weapon)
rCold    . . .     Gourm    .   (no shield)
rNeg     . . .     Faith    .   a - +0 robe
rPois    .         Spirit   .   b - +0 hat
rElec    .         Reflect  .   (no cloak)
rCorr    .         Harm     .   (no gloves)
MR       .....                  (no boots)
Stlth    ++........             (no amulet)
HPRegen  0.06/turn              (no ring)
MPRegen  0.12/turn              (no ring)

@: very slightly contaminated
A: no striking features
a: no special abilities


You were on level 2 of the Dungeon.
You were not hungry.

You visited 1 branch of the dungeon, and saw 2 of its levels.

You collected 33 gold pieces.

Inventory:

Armour
 a - a +0 robe (worn)
 b - a +0 hat (worn)
Jewellery
 f - an uncursed ring of positive energy {unknown}
Scrolls
 c - 2 scrolls of fear {unknown}
 e - 2 scrolls of random uselessness {unknown}
Potions
 g - a potion of curing {unknown}
Comestibles
 d - 2 rations


   Skills:
 - Level 3.3 Dodging
 - Level 2.4 Stealth
 + Level 5.1 Spellcasting
 + Level 2.2 Conjurations
   Level 1.1 Summonings
 + Level 1.1 Translocations
 + Level 0.0 Fire Magic
 + Level 0.1 Air Magic
 + Level 0.0 Poison Magic


You had 3 spell levels left.
You knew the following spells:

 Your Spells              Type           Power        Failure   Level  Hunger
a - Magic Dart            Conj           ###.         3%          1    None
b - Blink                 Tloc           N/A          9%          2    None
c - Conjure Flame         Conj/Fire      ##......     19%         3    ##.....
d - Mephitic Cloud        Conj/Pois/Air  #.......     21%         3    ##.....

Your spell library contained the following spells:

 Spells                   Type           Power        Failure   Level  Hunger
 Call Imp                 Summ           ##......     9%          2    None
 Slow                     Hex            #.......     14%         2    None


Dungeon Overview and Level Annotations

Branches:
Dungeon (2/15)

Altars:
Sif Muna


Message History

The adder is almost dead.
The adder bites you. x3
* * * LOW HITPOINT WARNING * * *
The adder closely misses you. The adder barely misses you.
The adder barely misses you.
You see here 19 stones.
The adder closely misses you. The adder closely misses you.
The adder barely misses you. The adder closely misses you.
You see here an adder skeleton.
The adder misses you. The adder closely misses you.
Things that are here:
a +0 club; a goblin skeleton The adder bites you.
* * * LOW HITPOINT WARNING * * *
The adder bites you.
You die...

..##.S.....## #...#
....g......#######...#
.#.#.......#....##...#
.....#######....##)..#
#.#.#.# #.........#
.....#######.....#...#
.#.#÷......#.....#.###
#.....÷....#Sg.S.#.#
####......)S.###@..#
#.......### #.###
#.......# #.#
#.......# #.#
######### #.##########
#..........#
##########.#
#....#.### #.#....<.#


You could see 2 adders and a hobgoblin.

Vanquished Creatures
  An adder (D:2)
  A dart slug (D:1)
  3 leopard geckos
  A bat (D:1)
  A giant cockroach (D:2)
  2 goblins
  7 hobgoblins
  3 jackals (D:1)
  A kobold (D:1)
  2 frilled lizards (D:2)
  5 rats
27 creatures vanquished.

Notes
Turn   | Place    | Note
-------+----------+-------------------------------------------
     0 | D:1      | pk666 the Deep Elf Wizard began the quest for the Orb.
     0 | D:1      | Reached XP level 1. HP: 10/10 MP: 7/7
   173 | D:1      | Reached XP level 2. HP: 15/15 MP: 1/9
   880 | D:2      | Found a deep blue altar of Sif Muna.
   996 | D:2      | Reached skill level 5 in Spellcasting
   996 | D:2      | Reached XP level 3. HP: 19/19 MP: 5/11
  1096 | D:2      | Learned a level 2 spell: Blink
  1100 | D:2      | Learned a level 3 spell: Conjure Flame
  1104 | D:2      | Learned a level 3 spell: Mephitic Cloud
  1247 | D:2      | Slain by an adder

Levels and vault maps discovered:
D:1:      ebering_trefoil_twist, layout_rooms, minmay_misc_feat_alley,
          chequers_mini_garden
D:2:      layout_basic, lemuel_blue_sif_altar, hex_tiny

Skill      XL: |  1  2 |
---------------+-------+-----
Dodging        | 3 |  3.3
Conjurations   | 2 |  2.2
Spellcasting   | 5 |  5.1
Stealth        | |  2.4
Summonings     | |  1.1
Translocations | |  1.1
Air Magic      | |  0.1

Action                   || total
-------------------------++-------
 Cast: Magic Dart        ||    70
  Eat: Chunk             ||     1
Armor: Robe              ||     2
Dodge: Dodged            ||    35

Table legend:
 A = Non-vault XP
 B = Vault XP
 C = Vault XP percentage of total XP
 D = Non-vault monster count
 E = Vault monster count
 F = Vault count percentage of total count
                 A         B        C        D         E       F
            +---------+---------+-------+---------+---------+-------
      Total |      62 |       0 |   0.0 |      27 |       0 |   0.0
            +---------+---------+-------+---------+---------+-------
        D:1 |      32 |       0 |   0.0 |      16 |       0 |   0.0
        D:2 |      30 |       0 |   0.0 |      11 |       0 |   0.0
            +---------+---------+-------+---------+---------+-------
